Map: Lightshade LE

Players

Reynor - Winner!

  • Race: Zerg Zerg
  • Spawn Location: 11:00

Zest

  • Race: Protoss Protoss
  • Spawn Location: 5:00

Event: IEM Katowice 2021

VOD

Have the link to the VOD?

Description

Time

  • Played on: Feb. 28, 2021, 12:18 p.m.
  • Length: 10:54

All games in this series

Show
View Real Time Build Order
Export as new Build Order

Reynor Zerg - Winner!

Build Orders: Hatch First 

Get SALT Encoding   

  12  0:00  Drone  
  13  0:12  Overlord  
  13  0:17  Drone  
  14  0:30  Drone x2  
  16  0:42  Drone  
  17  0:52  Hatchery  
  17  0:55  Drone  
  17  0:59  Drone  
  18  1:09  Extractor  
  17  1:15  Spawning Pool  
  17  1:17  Drone  
  17  1:20  Drone  
  18  1:27  Drone  
  19  1:38  Drone  
  20  1:49  Overlord  
  20  2:01  Queen  
  20  2:03  Zergling x2  
  20  2:05  Queen  
  20  2:06  Drone  
  26  2:11  Drone  
  26  2:14  Drone  
  28  2:21  Zergling x2  
  28  2:22  Metabolic Boost  
  29  2:26  Drone  
  30  2:35  Hatchery  
  29  2:37  Drone  
  29  2:39  Drone  
  31  2:46  Queen  
  33  2:51  Overlord  
  33  2:55  Drone  
  33  2:57  Drone  
  35  2:59  Drone  
  36  3:10  Drone x5  
  41  3:16  Queen  
  41  3:19  Overlord  
  43  3:22  Drone  
  43  3:27  Spore Crawler  
  43  3:28  Drone  
  44  3:36  Overlord  
  44  3:37  Queen  
  44  3:39  Drone  
  44  3:41  Drone x2  
  48  3:43  Drone  
  50  3:49  Spore Crawler  
  50  3:51  Spore Crawler  
  50  3:52  Drone x2  
  50  3:54  Drone x2  
  52  4:04  Drone, Queen  
  52  4:06  Overlord  
  52  4:07  Drone  
  52  4:08  Drone  
  57  4:10  Drone  
  57  4:14  Overlord  
  58  4:17  Overlord  
  58  4:21  Drone  
  58  4:23  Overlord  
  58  4:26  Drone x4  
  58  4:28  Drone x2  
  58  4:30  Drone  
  64  4:32  Zergling x2  
  67  4:38  Drone x2  
  67  4:39  Lair  
  67  4:41  Overlord  
  67  4:45  Roach Warren  
  66  4:47  Evolution Chamber  
  66  4:49  Zergling x4  
  66  4:50  Zergling x2  
  66  4:51  Zergling x2  
  66  4:52  Zergling x2  
  67  5:02  Drone x3  
  67  5:03  Drone x3  
  70  5:14  Drone x5  
  70  5:15  Drone  
  70  5:18  Drone  
  70  5:19  Drone  
  78  5:21  Extractor  
  78  5:22  Extractor, Drone  
  78  5:24  Drone  
  78  5:26  Zerg Missile Weapons Level 1  
  78  5:27  Drone x2  
  80  5:31  Extractor, Drone x2  
  80  5:33  Drone x2  
  83  5:37  Drone  
  83  5:38  Overlord  
  84  5:45  Drone x3  
  84  5:48  Drone  
  88  5:52  Extractor, Drone  
  88  5:53  Extractor  
  87  5:59  Hatchery, Overlord, Glial Reconstitution  
  87  6:03  Overseer  
  86  6:10  Drone x5  
  86  6:11  Overlord, Drone  
  92  6:16  Overlord  
  92  6:23  Roach x6  
  104  6:26  Overlord  
  104  6:28  Roach x4  
  104  6:30  Roach  
  114  6:35  Roach x2  
  114  6:36  Roach  
  120  6:45  Overlord x2  
  120  6:46  Drone  
  121  6:48  Roach  
  121  6:49  Spine Crawler, Roach x2  
  126  6:56  Roach x3  
  126  6:58  Overlord  
  126  7:00  Roach x2  
  136  7:07  Ravager x4  
  139  7:08  Roach  
  139  7:09  Roach  
  139  7:12  Overlord  
  139  7:13  Roach  
  145  7:16  Roach x3  
  145  7:18  Ravager x2  
  145  7:19  Drone  
  145  7:20  Roach  
  145  7:21  Extractor  
  155  7:25  Overlord  
  155  7:26  Roach x4  
  155  7:27  Roach, Overlord  
  155  7:29  Drone  
  165  7:34  Roach x3  
  171  7:38  Overlord  
  171  7:40  Infestation Pit  
  171  7:42  Drone  
  171  7:44  Drone x2  
  171  7:45  Drone x3  
  171  7:48  Roach  
  171  7:51  Roach x3  
  182  7:53  Drone x2  
  182  7:55  Overlord  
  182  7:57  Roach x2  
  187  7:59  Roach  
  187  8:02  Ravager x2  
  187  8:03  Roach  
  191  8:07  Roach x2  
  191  8:08  Roach  
  191  8:09  Roach  
  199  8:13  Spore Crawler  
  199  8:18  Hive  
  199  8:19  Spine Crawler x2  
  196  8:23  Ravager  
  197  8:33  Spine Crawler, Overlord  
  197  8:34  Overlord  
  196  8:35  Spine Crawler  
  196  8:38  Overlord  
  195  8:42  Overlord  
  195  8:52  Hydralisk Den, Overlord  
  194  8:56  Drone x5  
  199  9:11  Extractor  
  199  9:12  Spine Crawler  
  199  9:13  Spine Crawler  
  199  9:14  Roach  
  198  9:19  Hydralisk Den  
  197  9:25  Roach x4  
  197  9:27  Roach x6  
  182  9:31  Roach  
  182  9:32  Roach x7  
  182  9:35  Roach  
  182  9:36  Roach x3  
  182  9:38  Overlord  
  195  9:40  Roach x3  
  195  9:43  Roach x2  
  195  9:44  Roach  
  186  9:46  Overlord  
  173  9:54  Roach x8  
  179  10:01  Roach x4  
  179  10:03  Overlord  
  179  10:05  Ravager x2  
  179  10:07  Roach  
  179  10:11  Roach x2  
  179  10:12  Roach  
  179  10:13  Ravager x3  
  181  10:14  Overseer  
  181  10:18  Roach x2  
  185  10:23  Roach x3  
  191  10:35  Roach x2  
  195  10:40  Hatchery  
Show
View Real Time Build Order
Export as new Build Order

Zest Protoss 

Build Orders: 1 Gate Expand, Oracle Opening, Zealot Archon 

Get SALT Encoding   

  12  0:00  Probe  
  13  0:12  Probe  
  14  0:20  Pylon  
  14  0:24  Probe  
  15  0:38  Probe (Chrono Boost)  
  15  0:39  Gateway  
  16  0:47  Probe (Chrono Boost)  
  16  0:49  Assimilator  
  17  0:52  Probe (Chrono Boost)  
  18  1:04  Probe  
  19  1:16  Probe  
  20  1:26  Nexus  
  20  1:35  Cybernetics Core  
  20  1:39  Probe  
  21  1:44  Assimilator  
  21  1:51  Probe  
  21  1:54  Pylon  
  22  2:03  Probe (Chrono Boost)  
  23  2:12  Adept  
  23  2:14  Probe (Chrono Boost)  
  26  2:17  Stargate  
  26  2:19  Probe (Chrono Boost)  
  27  2:25  Warp Gate  
  28  2:31  Probe (Chrono Boost)  
  28  2:38  Probe (Chrono Boost)  
  28  2:42  Stalker  
  32  2:47  Probe x2 (Chrono Boost)  
  33  2:52  Probe (Chrono Boost)  
  33  2:53  Probe  
  35  2:59  Oracle (Chrono Boost)  
  35  3:04  Pylon, Probe  
  39  3:06  Probe  
  40  3:14  Gateway  
  40  3:17  Probe  
  40  3:18  Probe  
  42  3:26  Adept  
  44  3:29  Probe  
  44  3:30  Oracle (Chrono Boost), Probe  
  49  3:37  Pylon  
  50  3:41  Probe  
  50  3:49  Probe  
  50  3:53  Probe  
  52  3:58  Oracle (Chrono Boost)  
  55  4:06  Nexus  
  55  4:07  Pylon  
  55  4:12  Adept  
  55  4:13  Adept  
  59  4:17  Pylon  
  59  4:29  Probe x2  
  61  4:33  Adept x2  
  61  4:37  Forge  
  61  4:38  Gateway  
  65  4:41  Assimilator, Probe  
  65  4:42  Probe  
  65  4:43  Assimilator  
  64  4:54  Probe x2  
  64  4:56  Twilight Council  
  66  5:06  Probe x2  
  68  5:14  Protoss Ground Weapons Level 1 (Chrono Boost)  
  68  5:18  Probe x2  
  68  5:21  Probe  
  71  5:24  Charge  
  71  5:30  Probe x2  
  71  5:33  Probe  
  71  5:34  Gateway  
  74  5:35  Gateway  
  74  5:37  Shield Battery  
  74  5:39  Gateway  
  74  5:40  Pylon  
  74  5:41  Templar Archives  
  74  5:42  Probe x2 (Chrono Boost)  
  76  5:45  Probe (Chrono Boost)  
  77  5:50  Robotics Facility  
  77  5:53  Assimilator, Probe (Chrono Boost)  
  77  5:54  Probe (Chrono Boost)  
  77  5:55  Probe (Chrono Boost)  
  80  5:57  Assimilator  
  80  5:58  Sentry, Probe x2 (Chrono Boost)  
  80  6:00  Probe (Chrono Boost)  
  80  6:02  Gateway  
  85  6:05  Gateway  
  85  6:08  Probe x2  
  87  6:13  Gateway  
  87  6:19  Gateway  
  87  6:25  Pylon  
  87  6:27  Photon Cannon  
  87  6:28  High Templar  
  87  6:29  Zealot x3, High Templar  
  97  6:34  Archon, Pylon  
  97  6:41  Pylon  
  97  6:42  Pylon  
  97  6:49  Observer (Chrono Boost)  
  97  6:52  High Templar  
  97  6:53  Zealot x2, High Templar  
  106  6:55  Pylon  
  106  6:57  Pylon  
  106  6:59  Archon  
  106  7:03  Warp Prism (Chrono Boost)  
  106  7:06  High Templar x2  
  106  7:07  Zealot x3  
  118  7:12  Photon Cannon  
  118  7:14  Photon Cannon  
  118  7:18  Archon  
  118  7:19  Pylon  
  118  7:26  Zealot x2  
  122  7:39  Observer (Chrono Boost)  
  121  7:45  High Templar x4  
  121  7:46  Zealot x6  
  121  7:51  Archon x2  
  139  7:55  Protoss Ground Armor Level 1 (Chrono Boost)  
  139  8:00  Pylon  
  139  8:02  Pylon  
  139  8:06  Pylon  
  139  8:18  Zealot x4, High Templar x2  
  139  8:19  Zealot x4  
  159  8:23  Archon, Pylon  
  159  8:42  Zealot x2, High Templar x2  
  159  8:43  Zealot x4  
  159  8:44  Nexus  
  159  8:46  Archon  
  159  8:47  Pylon  
  175  8:50  Pylon  
  175  8:56  Blink (Chrono Boost)  
  175  9:05  Stalker x6  
  175  9:06  Stalker x2  
  191  9:15  Zealot x2  
  195  9:30  Zealot x6  
  174  9:36  Zealot x2  
  138  9:52  Zealot x6  
  80  10:15  High Templar  
  80  10:16  High Templar x7  
  80  10:17  Zealot x2  
  80  10:20  Archon x4  
  97  10:39  Zealot x2  
  95  10:49  Zealot x3  
  97  10:50  Zealot x5  

Tags
 
Add a new tag
Caveats
  • Supply blocks, unpowered buildings, or Contaminate may cause inaccurate times.
  • Supply counts are checked every 10 seconds.